IL
LEHIGH VALLEY IRONPIGS @ IOWA CUBS
06/18/2049
 
TOP OF THE 1ST
Lehigh Valley IronPigs batting - Pitching for Iowa Cubs : LHP Jesse Fields
Pitching: LHP Jesse Fields
Batting: RHB Mark Schultz 0-0: Ball
1-0: Ball
2-0: Ball
3-0: Called Strike
3-1: Swinging Strike
3-2: Foul Ball, location: 2F
3-2: Ground out 5-3 (Groundball, 56S, EV 71.9 MPH)
Batting: LHB Theodore Conboy 0-0: Ball
1-0: Foul Ball, location: 2F
1-1: Ball
2-1: Foul Ball, location: 2F
2-2: Ball
3-2: DOUBLE (Groundball, 5L, EV 96.9 MPH)
Batting: RHB Melchor Sovrivilla 0-0: Ball
1-0: Ball
2-0: Foul Ball, location: 2F
2-1: Ball
Theodore Conboy steals 3rd base
3-1: Ground out 4-3 (Groundball, 34, EV 104.4 MPH)
Theodore Conboy scores
Batting: RHB Jose Leon 0-0: Called Strike
0-1: Foul Ball, location: 2F
0-2: Foul Ball, location: 2F
0-2: SINGLE (Line Drive, 4D, EV 97.5 MPH)
Batting: LHB Jose Carlos 0-0: Ball
1-0: Ball
2-0: Ball
3-0: Base on Balls
Jose Leon to second
Batting: LHB Chris Moody 0-0: Called Strike
0-1: Called Strike
0-2: Ball
Wild Pitch!
Jose Leon to third
Jose Carlos to second
1-2: Ball
2-2: Foul Ball, location: 2F
2-2: Ground out 4-3 (Groundball, 4, EV 80.0 MPH)
Top of the 1st over - 1 run, 2 hits, 0 errors, 2 left on base; Lehigh Valley 1 - Iowa 0
BOTTOM OF THE 1ST
Iowa Cubs batting - Pitching for Lehigh Valley IronPigs : RHP Alex Florez
Pitching: RHP Alex Florez
Batting: RHB Brian Gargis 0-0: Foul Ball, location: 2F
0-1: Called Strike
0-2: Foul Ball, location: 2F
0-2: Strikes out swinging
Batting: RHB Frank Caulfield 0-0: Called Strike
0-1: Ball
1-1: Called Strike
1-2: Foul Ball, location: 2F
1-2: Ground out 4-3 (Groundball, 4M, EV 85.6 MPH)
Batting: RHB Ryan Walker 0-0: Ball
1-0: Ball
2-0: Foul Ball, location: 2F
2-1: Ball
3-1: Base on Balls
Batting: LHB Wing-tat Tai 0-0: Called Strike
0-1: Foul Ball, location: 2F
0-2: Ball
1-2: Strikes out swinging
Bottom of the 1st over - 0 runs, 0 hits, 0 errors, 1 left on base; Lehigh Valley 1 - Iowa 0
TOP OF THE 2ND
Lehigh Valley IronPigs batting - Pitching for Iowa Cubs : LHP Jesse Fields
Batting: SHB Josh Schultze 0-0: Called Strike
0-1: Foul Ball, location: 2F
0-2: Ball
1-2: Fly out, F7 (Flyball, 78S, EV 83.1 MPH)
Batting: LHB Pat Shaddock 0-0: Ball
1-0: Fly out, F9 (Flyball, 9, EV 82.5 MPH)
Batting: LHB Tom Edwards 0-0: Ball
1-0: Ball
2-0: Called Strike
2-1: Foul Ball, location: 2F
2-2: Ball
3-2: Foul Ball, location: 2F
3-2: Foul Ball, location: 2F
3-2: Base on Balls
Batting: RHB Mark Schultz 0-0: Ball
1-0: Ground out 1-3 (Groundball, 13S, EV 65.0 MPH)
Top of the 2nd over - 0 runs, 0 hits, 0 errors, 1 left on base; Lehigh Valley 1 - Iowa 0
BOTTOM OF THE 2ND
Iowa Cubs batting - Pitching for Lehigh Valley IronPigs : RHP Alex Florez
Batting: LHB Mark Ingram 0-0: Foul Ball, location: 2F
0-1: Ball
1-1: Foul Ball, location: 2F
1-2: Fly out, F7 (Flyball, 7S, EV 94.4 MPH)
Batting: RHB Brad Santanello 0-0: Ball
1-0: Ball
2-0: SINGLE (Groundball, 34D, EV 104.4 MPH)
Batting: SHB Karl Starnes 0-0: Called Strike
0-1: Called Strike
Brad Santanello is caught stealing 2nd base 2-6
0-2: Ball
1-2: Strikes out looking
Bottom of the 2nd over - 0 runs, 1 hit, 0 errors, 0 left on base; Lehigh Valley 1 - Iowa 0
TOP OF THE 3RD
Lehigh Valley IronPigs batting - Pitching for Iowa Cubs : LHP Jesse Fields
Batting: LHB Theodore Conboy 0-0: Ground out 6-3 (Groundball, 6, EV 79.4 MPH)
Batting: RHB Melchor Sovrivilla 0-0: Ball
1-0: Ground out 4-3 (Groundball, 4, EV 83.8 MPH)
Batting: RHB Jose Leon 0-0: Ground out 5-3 (Groundball, 56S, EV 78.8 MPH)
Top of the 3rd over - 0 runs, 0 hits, 0 errors, 0 left on base; Lehigh Valley 1 - Iowa 0
BOTTOM OF THE 3RD
Iowa Cubs batting - Pitching for Lehigh Valley IronPigs : RHP Alex Florez
Batting: RHB Tim Long 0-0: Ball
1-0: Called Strike
1-1: Swinging Strike
1-2: Foul Ball, location: 2F
1-2: Ground out 6-3 (Groundball, P, EV 91.9 MPH)
Batting: RHB Khalil Stephens 0-0: Ground out 4-3 (Groundball, 4, EV 91.9 MPH)
Batting: RHB Brian Gargis 0-0: Ball
1-0: Ball
2-0: Foul Ball, location: 2F
2-1: Ball
3-1: Foul Ball, location: 2F
3-2: Strikes out swinging
Bottom of the 3rd over - 0 runs, 0 hits, 0 errors, 0 left on base; Lehigh Valley 1 - Iowa 0
TOP OF THE 4TH
Lehigh Valley IronPigs batting - Pitching for Iowa Cubs : LHP Jesse Fields
Batting: LHB Jose Carlos 0-0: Ball
1-0: Foul Ball, location: 2F
1-1: Ball
2-1: Ball
3-1: Base on Balls
Batting: LHB Chris Moody 0-0: Fielders Choice at 2nd, 4-6 (Groundball, 34, EV 89.4 MPH)
Batting: SHB Josh Schultze 0-0: Ball
Chris Moody steals 2nd base
1-0: Foul Ball, location: 2F
1-1: Called Strike
1-2: Foul Ball, location: 2F
1-2: Foul Ball, location: 2F
1-2: Fly out, F8 (Flyball, 89M, EV 78.8 MPH)
Batting: LHB Pat Shaddock 0-0: Ball
1-0: Ground out 1-3 (Groundball, 13, EV 67.5 MPH)
Top of the 4th over - 0 runs, 0 hits, 0 errors, 1 left on base; Lehigh Valley 1 - Iowa 0
BOTTOM OF THE 4TH
Iowa Cubs batting - Pitching for Lehigh Valley IronPigs : RHP Alex Florez
Batting: RHB Frank Caulfield 0-0: Ground out 5-3 (Groundball, 56, EV 111.2 MPH)
Batting: RHB Ryan Walker 0-0: Ground out 4-3 (Groundball, 34, EV 104.4 MPH)
Batting: LHB Wing-tat Tai 0-0: Ball
1-0: Ball
2-0: Foul Ball, location: 2F
2-1: Foul Ball, location: 2F
2-2: Foul Ball, location: 2F
2-2: SINGLE (Groundball, 34D, EV 103.1 MPH)
Batting: LHB Mark Ingram 0-0: Fly out, F9 (Flyball, 9D, EV 107.5 MPH)
Bottom of the 4th over - 0 runs, 1 hit, 0 errors, 1 left on base; Lehigh Valley 1 - Iowa 0
TOP OF THE 5TH
Lehigh Valley IronPigs batting - Pitching for Iowa Cubs : LHP Jesse Fields
Batting: LHB Tom Edwards 0-0: Ground out U3 (Groundball, 34, EV 83.1 MPH)
Batting: RHB Mark Schultz 0-0: Called Strike
0-1: Ball
1-1: Fly out, F9 (Flyball, 89M, EV 73.1 MPH)
Batting: LHB Theodore Conboy 0-0: SINGLE (Line Drive, 89S, EV 92.5 MPH)
Batting: RHB Melchor Sovrivilla 0-0: Called Strike
0-1: Ball
1-1: Ball
Theodore Conboy steals 2nd, throwing error, E2
Theodore Conboy to third
2-1: Ball
3-1: Base on Balls
Batting: RHB Jose Leon 0-0: Ball
1-0: Fly out, F9 (Flyball, 9, EV 80.0 MPH)
Top of the 5th over - 0 runs, 1 hit, 1 error, 2 left on base; Lehigh Valley 1 - Iowa 0
BOTTOM OF THE 5TH
Iowa Cubs batting - Pitching for Lehigh Valley IronPigs : RHP Alex Florez
Batting: RHB Brad Santanello 0-0: Ball
1-0: Ball
2-0: Called Strike
2-1: Ground out 6-3 (Groundball, 6S, EV 89.4 MPH)
Batting: SHB Karl Starnes 0-0: Ball
1-0: Called Strike
1-1: DOUBLE (Flyball, 78XD, EV 90.0 MPH)
Batting: RHB Tim Long 0-0: Swinging Strike
0-1: Fly out, F3 (Line Drive, 34, EV 65.6 MPH)
Batting: RHB Khalil Stephens 0-0: Ball
1-0: Swinging Strike
1-1: Ball
2-1: Foul Ball, location: 2F
2-2: Ball
3-2: Ground out 2-3 (Groundball, 13S, EV 68.1 MPH)
Bottom of the 5th over - 0 runs, 1 hit, 0 errors, 1 left on base; Lehigh Valley 1 - Iowa 0
TOP OF THE 6TH
Lehigh Valley IronPigs batting - Pitching for Iowa Cubs : LHP Jesse Fields
Batting: LHB Jose Carlos 0-0: Called Strike
0-1: Ball
1-1: Fly out, F8 (Line Drive, 8RD, EV 93.1 MPH)
Batting: LHB Chris Moody 0-0: Ball
1-0: Foul Ball, location: 2F
1-1: Swinging Strike
1-2: Strikes out swinging
Batting: SHB Josh Schultze 0-0: Ball
1-0: Ball
2-0: Foul Ball, location: 2F
2-1: Fly out, F9 (Line Drive, 89M, EV 92.5 MPH)
Top of the 6th over - 0 runs, 0 hits, 0 errors, 0 left on base; Lehigh Valley 1 - Iowa 0
BOTTOM OF THE 6TH
Iowa Cubs batting - Pitching for Lehigh Valley IronPigs : RHP Alex Florez
Batting: RHB Brian Gargis 0-0: Ball
1-0: Ball
2-0: Swinging Strike
2-1: Foul Ball, location: 2F
2-2: Ground out 4-3 (Groundball, 34D, EV 87.5 MPH)
Batting: RHB Frank Caulfield 0-0: Ball
1-0: Ground out 6-3 (Groundball, 6, EV 103.8 MPH)
Batting: RHB Ryan Walker 0-0: Ball
1-0: Ball
2-0: Ball
3-0: Base on Balls
Batting: LHB Wing-tat Tai 0-0: Ball
1-0: Called Strike
1-1: Ball
2-1: Foul Ball, location: 2F
2-2: Foul Ball, location: 2F
2-2: Ground out U3 (Groundball, 3, EV 88.8 MPH)
Bottom of the 6th over - 0 runs, 0 hits, 0 errors, 1 left on base; Lehigh Valley 1 - Iowa 0
TOP OF THE 7TH
Lehigh Valley IronPigs batting - Pitching for Iowa Cubs : LHP Jesse Fields
Batting: LHB Pat Shaddock 0-0: Called Strike
0-1: Fly out, F8 (Flyball, 8LM, EV 85.6 MPH)
Batting: LHB Tom Edwards 0-0: Ball
1-0: Ball
2-0: Ball
3-0: Called Strike
3-1: Foul Ball, location: 2F
3-2: Foul Ball, location: 2F
3-2: Base on Balls
Pitching: RHP Jorge Mora
Batting: RHB Mark Schultz 0-0: Called Strike
Tom Edwards steals 2nd base
0-1: Fly out, F9 (Flyball, 89M, EV 91.2 MPH)
Runner from 2nd tags up, OUT at 3rd! 9-5
Top of the 7th over - 0 runs, 0 hits, 0 errors, 0 left on base; Lehigh Valley 1 - Iowa 0
BOTTOM OF THE 7TH
Iowa Cubs batting - Pitching for Lehigh Valley IronPigs : RHP Alex Florez
Batting: LHB Mark Ingram 0-0: Ball
1-0: SINGLE (Line Drive, 89M, EV 96.9 MPH)
Batting: RHB Brad Santanello 0-0: Ball
1-0: Called Strike
1-1: Hit by Pitch
Mark Ingram to second
Batting: SHB Karl Starnes 0-0: Called Strike
0-1: Foul Ball, location: 2F
0-2: Ball
1-2: Foul Ball, location: 2F
1-2: Ball
2-2: DOUBLE (Line Drive, 78M, EV 105.0 MPH)
Mark Ingram scores
Brad Santanello to third
Batting: RHB Tim Long 0-0: Ball
1-0: Called Strike
1-1: Called Strike
1-2: Ball
2-2: Ball
3-2: Base on Balls
Batting: RHB Khalil Stephens 0-0: Ball
1-0: Called Strike
1-1: TRIPLE (Groundball, 5L, EV 100.0 MPH)
Brad Santanello scores
Karl Starnes scores
Tim Long scores
Pitching: RHP Josh Allport
Batting: RHB Brian Gargis 0-0: Ball
1-0: Called Strike
1-1: Ground out 4-3 (Groundball, 4D, EV 100.6 MPH)
Khalil Stephens scores
Batting: RHB Frank Caulfield 0-0: Swinging Strike
0-1: Called Strike
0-2: Strikes out looking
Batting: RHB Ryan Walker 0-0: Ball
1-0: SINGLE (Line Drive, 7S, EV 101.2 MPH)
Batting: LHB Wing-tat Tai 0-0: Ball
1-0: Foul Ball, location: 2F
1-1: Ground out U3 (Groundball, 34, EV 83.8 MPH)
Bottom of the 7th over - 5 runs, 4 hits, 0 errors, 1 left on base; Lehigh Valley 1 - Iowa 5
TOP OF THE 8TH
Lehigh Valley IronPigs batting - Pitching for Iowa Cubs : RHP Jorge Mora
Batting: LHB Theodore Conboy 0-0: Fly out, F5 (Popup, 56, EV 58.1 MPH)
Batting: RHB Melchor Sovrivilla 0-0: Called Strike
0-1: Ball
1-1: Ball
2-1: Called Strike
2-2: Strikes out looking
Batting: RHB Jose Leon 0-0: Ground out 5-3 (Groundball, 15, EV 86.2 MPH)
Top of the 8th over - 0 runs, 0 hits, 0 errors, 0 left on base; Lehigh Valley 1 - Iowa 5
BOTTOM OF THE 8TH
Iowa Cubs batting - Pitching for Lehigh Valley IronPigs : RHP Josh Allport
Batting: LHB Mark Ingram 0-0: Called Strike
0-1: Ball
1-1: SINGLE (Groundball, 34D, EV 101.9 MPH)
Batting: RHB Brad Santanello 0-0: DOUBLE (Groundball, 5L, EV 102.5 MPH)
Mark Ingram to third
Batting: SHB Karl Starnes 0-0: Ball
1-0: Called Strike
1-1: Ball
2-1: Swinging Strike
2-2: Strikes out swinging
Batting: RHB Tim Long 0-0: Called Strike
0-1: Ball
1-1: Fly out, F6 (Popup, 6M, EV 58.1 MPH)
Batting: RHB Khalil Stephens 0-0: Fly out, F8 (Flyball, 8RXD, EV 96.9 MPH)
Bottom of the 8th over - 0 runs, 2 hits, 0 errors, 2 left on base; Lehigh Valley 1 - Iowa 5
TOP OF THE 9TH
Lehigh Valley IronPigs batting - Pitching for Iowa Cubs : RHP Jorge Mora
Pitching: LHP Bill Esten
Batting: LHB Jose Carlos 0-0: Called Strike
0-1: Foul Ball, location: 2F
0-2: Foul Ball, location: 2F
0-2: Ball
1-2: Foul Ball, location: 2F
1-2: Foul Ball, location: 2F
1-2: Ball
2-2: Fly out, F7 (Line Drive, 78M, EV 98.8 MPH)
Batting: LHB Chris Moody 0-0: Ball
1-0: Ball
2-0: Ball
3-0: Base on Balls
Batting: SHB Josh Schultze 0-0: Ball
1-0: Ball
2-0: Swinging Strike
2-1: Foul Ball, location: 2F
2-2: Ball
3-2: Foul Ball, location: 2F
3-2: Strikes out swinging
Chris Moody is caught stealing 2nd base 2-4
Batter strikes out.
Top of the 9th over - 0 runs, 0 hits, 0 errors, 0 left on base; Lehigh Valley 1 - Iowa 5
Sunday, July 16th , 2023 - OOTP Baseball 24.6 Build 69